 Dungeon Crawl Stone Soup version 0.22-a0-247-gbddf880 (webtiles) character file.

5744 wolfsongas the Quickloader (level 10, -2/79 HPs)
             Began as a Gnoll Hunter on Feb 23, 2018.
             Was an Initiate of Gozag.
             Slain by a two-headed ogre
             ... wielding a +0 giant club
              (20 damage)
             ... on level 9 of the Dungeon.
             The game lasted 00:16:31 (9248 turns).

wolfsongas the Quickloader (Gnoll Hunter)           Turns: 9248, Time: 00:16:32

Health: -2/79      AC: 19    Str: 21    XL:     10   Next: 77%
Magic:  18/18      EV: 14    Int: 13    God:    Gozag
Gold:   1098       SH: 16    Dex: 18    Spells: 20/20 levels left

rFire    + . .     SeeInvis .   b - +4 rapier
rCold    + . .     Gourm    .   g - +5 shield {AC+3}
rNeg     . . .     Faith    .   p - +0 ring mail
rPois    +         Spirit   .   l - +0 helmet
rElec    +         Reflect  .   u - +1 cloak
rCorr    +         Harm     .   w - +2 pair of gloves
MR       .....                  (no boots)
Stlth    +++.......             (no amulet)
HPRegen  0.00/turn              m - ring of poison resistance
MPRegen  0.16/turn              x - +3 ring of protection

@: mighty, resistant, gold aura, hasted, very quick
A: distributed training, fangs 1, mutation resistance 1, inhibited regeneration,
MP-powered wands, strong nose
a: Potion Petition, Call Merchant, Bribe Branch, Renounce Religion


You were on level 9 of the Dungeon.
You worshipped Gozag.
Gozag was most pleased with you.
You were not hungry.

You visited 2 branches of the dungeon, and saw 10 of its levels.
You also visited: Ossuary.

You collected 1199 gold pieces.
You spent 72 gold pieces at shops.
You paid 29 gold pieces to Gozag.

Inventory:

Hand Weapons
 a - a +0 arbalest
 b - a +4 rapier (weapon)
Missiles
 d - 87 bolts
Armour
 g - a +5 shield of protection (worn)
 l - a +0 helmet (worn)
 p - a +0 ring mail (worn)
 r - a +0 plate armour
 u - a +1 cloak (worn)
 w - a +2 pair of gloves (worn)
Jewellery
 j - an uncursed ring of resist corrosion
 m - a ring of poison resistance (left hand)
 n - an uncursed ring of protection from fire
 x - a +3 ring of protection (right hand)
Wands
 i - a wand of random effects (35)
 s - a wand of flame (31)
Scrolls
 e - 11 scrolls of teleportation
 h - a scroll of enchant weapon
 k - a scroll of remove curse
 y - a scroll of amnesia
 z - 3 scrolls of identify
Potions
 c - 3 potions of curing
 o - a potion of cancellation
 q - 2 potions of brilliance
 t - 2 potions of flight
 v - a potion of ambrosia
 A - 2 potions of haste
Comestibles
 f - 6 rations


   Skills:
 + Level 7.2 Fighting
 + Level 5.5 Short Blades
 + Level 5.5 Long Blades
 + Level 5.5 Axes
 + Level 5.5 Maces & Flails
 + Level 5.5 Polearms
 + Level 5.5 Staves
 + Level 5.5 Slings
 + Level 5.5 Bows
 + Level 10.1 Crossbows
 + Level 5.5 Throwing
 + Level 5.5 Armour
 + Level 7.2 Dodging
 + Level 6.0 Stealth
 + Level 5.5 Shields
 + Level 5.5 Unarmed Combat
 + Level 5.5 Spellcasting
 + Level 4.5 Conjurations
 + Level 4.5 Hexes
 + Level 4.5 Charms
 + Level 4.5 Summonings
 + Level 4.5 Necromancy
 + Level 4.5 Translocations
 + Level 4.5 Transmutations
 + Level 4.5 Fire Magic
 + Level 4.5 Ice Magic
 + Level 4.5 Air Magic
 + Level 4.5 Earth Magic
 + Level 4.5 Poison Magic
 + Level 6.0 Invocations
 + Level 5.5 Evocations


You had 20 spell levels left.
You didn't know any spells.

Dungeon Overview and Level Annotations

Branches:
Dungeon (9/15)             Temple (1/1) D:4
   Lair: D:8-11         Orc: D:9-12

Altars:
Ashenzari
Cheibriados
Dithmenos
Gozag
Kikubaaqudgha
Nemelex Xobeh
Okawaru
Trog
Xom
Zin

Shops:
D:4 (   D:8 (


Innate Abilities, Weirdness & Mutations

Your experience applies equally to all skills.
You have very sharp teeth.
Your uncanny sense of smell can sniff out nearby items.
You are somewhat resistant to further mutation.
You do not regenerate when monsters are visible.
You expend magic power (3 MP) to strengthen your wands.


Message History

You feel yourself speed up. You block the troll's attack. x2
The troll claws you.
You puncture the troll!
The troll is severely wounded.
The two-headed ogre hits you with a giant club.
The two-headed ogre closely misses you.
You impale the troll!!
You kill the troll!
You puncture the two-headed ogre!
The two-headed ogre is moderately wounded.
You block the two-headed ogre's attack.
The two-headed ogre hits you with a giant club!
* * * LOW HITPOINT WARNING * * *
You impale the two-headed ogre!!
The two-headed ogre is heavily wounded.
You closely miss the two-headed ogre. You bite the two-headed ogre.
The two-headed ogre is severely wounded.
The two-headed ogre hits you with a giant club!!
You die...
Your body crumbles into a pile of gold.

#.....########....<.
####'## #..)[..
###..# #...)..
###...## ####+##
#...### ##.#########
#..........#
#..........#
#.....@$...#
#......O......
#..........#..
#..........#
#..........#
#..........#
#..........#
#..........#


You could see a two-headed ogre.

Vanquished Creatures
  The ghost of Foxy the Blocker, a novice FoFi of Cheibriados (D:7)
  The ghost of Strat the Slicer, a novice VSAs of Kikubaaqudgha (D:9)
  An ugly thing (D:9)
  A troll (D:9)
  Grinder (D:5)
  A hippogriff (D:9)
  Sigmund (D:2)
  2 hungry ghosts
  Menkaure (D:4)
  Edmund (D:5)
  3 orc warriors
  An ice beast (D:5)
  5 phantoms
  2 centaurs
  2 ogres (D:4)
  Blork the orc (D:4)
  2 bullfrogs
  2 scorpions
  5 killer bees (D:8)
  4 wights (D:7)
  2 crimson imps
  A bullfrog zombie (D:7)
  2 centaur zombies (Ossuary)
  A quasit (D:9)
  A jelly (D:9)
  5 hounds
  An orc priest (D:7)
  2 bullfrog skeletons (D:5)
  4 iguanas
  Natasha (thrice) (D:2)
  2 orc wizards
  A worker ant (D:8)
  A big kobold zombie (Ossuary)
  A hound skeleton (D:4)
  5 mummies (Ossuary)
  A worker ant zombie (D:5)
  4 gnolls (D:3)
  12 adders
  A howler monkey skeleton (D:5)
  3 shadow imps
  3 oozes
  2 adder skeletons (D:8)
  2 dart slugs
  4 worms
  6 leopard geckos
  20 orcs
  6 bats
  7 giant cockroaches
  18 goblins
  7 hobgoblins
  10 jackals
  4 quokkas
  A ball python (D:4)
  3 frilled lizards
  5 hobgoblin zombies (Ossuary)
  7 kobolds
  A leopard gecko skeleton (D:7)
  A quokka zombie (D:7)
  7 rats
  3 rat zombies (D:8)
208 creatures vanquished.

Notes
Turn   | Place    | Note
-------+----------+-------------------------------------------
     0 | D:1      | wolfsongas the Gnoll Hunter began the quest for the Orb.
     0 | D:1      | Reached XP level 1. HP: 20/20 MP: 1/1
   182 | D:1      | Reached XP level 2. HP: 26/26 MP: 2/2
   350 | D:1      | Reached XP level 3. HP: 31/31 MP: 3/3
   780 | D:2      | Reached skill level 1 in Invocations
   793 | D:2      | Noticed Sigmund
   807 | D:2      | Killed Sigmund
   807 | D:2      | Reached skill level 1 in Short Blades
   807 | D:2      | Reached skill level 1 in Long Blades
   807 | D:2      | Reached skill level 1 in Axes
   807 | D:2      | Reached skill level 1 in Maces & Flails
   807 | D:2      | Reached skill level 1 in Polearms
   807 | D:2      | Reached skill level 1 in Staves
   807 | D:2      | Reached skill level 1 in Slings
   807 | D:2      | Reached skill level 1 in Bows
   807 | D:2      | Reached skill level 1 in Throwing
   807 | D:2      | Reached skill level 1 in Armour
   807 | D:2      | Reached skill level 1 in Shields
   807 | D:2      | Reached skill level 1 in Unarmed Combat
   807 | D:2      | Reached skill level 1 in Spellcasting
   807 | D:2      | Reached skill level 1 in Conjurations
   807 | D:2      | Reached skill level 1 in Hexes
   807 | D:2      | Reached skill level 1 in Charms
   807 | D:2      | Reached skill level 1 in Summonings
   807 | D:2      | Reached skill level 1 in Necromancy
   807 | D:2      | Reached skill level 1 in Translocations
   807 | D:2      | Reached skill level 1 in Transmutations
   807 | D:2      | Reached skill level 1 in Fire Magic
   807 | D:2      | Reached skill level 1 in Ice Magic
   807 | D:2      | Reached skill level 1 in Air Magic
   807 | D:2      | Reached skill level 1 in Earth Magic
   807 | D:2      | Reached skill level 1 in Poison Magic
   807 | D:2      | Reached skill level 1 in Evocations
   807 | D:2      | Reached XP level 4. HP: 33/38 MP: 4/6
   807 | D:2      | Reached XP level 5. HP: 38/43 MP: 4/7
   992 | D:2      | Noticed Natasha
   995 | D:2      | Killed Natasha
   995 | D:2      | Reached XP level 6. HP: 40/50 MP: 8/8
  1243 | D:2      | Noticed Natasha
  1254 | D:2      | Killed Natasha
  1254 | D:2      | Reached skill level 5 in Fighting
  1254 | D:2      | Reached skill level 5 in Dodging
  1617 | D:2      | Found a faded altar of an unknown god.
  1635 | D:2      | Noticed Natasha
  1665 | D:2      | Killed Natasha
  2641 | D:3      | Reached XP level 7. HP: 56/56 MP: 10/10
  2887 | D:4      | Found a shadowy altar of Dithmenos.
  2999 | D:4      | Found an iron altar of Okawaru.
  3000 | D:4      | Found a bloodstained altar of Trog.
  3033 | D:4      | Found a staircase to the Ecumenical Temple.
  3038 | Temple   | Entered the Ecumenical Temple
  3046 | Temple   | Became a worshipper of Gozag Ym Sagoz the Greedy
  3095 | D:4      | Noticed Menkaure
  3387 | D:4      | Found a snail-covered altar of Cheibriados.
  3657 | D:4      | Noticed Blork the orc
  3671 | D:4      | Killed Blork the orc
  3671 | D:4      | Reached skill level 9 in Crossbows
  3774 | D:4      | Found Ycajur's Weapon Boutique.
  3804 | D:4      | Killed Menkaure
  3804 | D:4      | Reached XP level 8. HP: 63/63 MP: 10/12
  3954 | D:5      | Entered Level 5 of the Dungeon
  4662 | D:5      | Noticed Grinder
  4666 | D:5      | Paralysed by Grinder for 4 turns
  4674 | D:5      | Killed Grinder
  4840 | D:5      | Reached XP level 9. HP: 69/69 MP: 14/14
  4906 | D:5      | Noticed Edmund
  4945 | D:5      | Killed Edmund
  5078 | D:5      | Found an ancient bone altar of Kikubaaqudgha.
  6376 | D:7      | Noticed Foxy's ghost (novice FoFi)
  6398 | D:7      | Killed Foxy's ghost
  6398 | D:7      | Reached skill level 5 in Stealth
  6471 | D:7      | Reached skill level 5 in Invocations
  7009 | D:7      | Found a sparkling altar of Nemelex Xobeh.
  7068 | D:7      | Found a glowing silver altar of Zin.
  7282 | D:8      | Reached XP level 10. HP: 77/77 MP: 17/17
  7315 | D:8      | Found Licsad's Weapon Shoppe.
  7322 | D:8      | Bought a +0 arbalest for 72 gold pieces
  7540 | D:8      | Found a shattered altar of Ashenzari.
  7607 | D:8      | Found a sand-covered staircase.
  7623 | Ossuary  | Entered an ossuary
  7889 | Ossuary  | Gained mutation: You do not regenerate when monsters are visible. [potion of mutation]
  7889 | Ossuary  | Gained mutation: You expend magic power (3 MP) to strengthen your wands. [potion of mutation]
  7889 | Ossuary  | Gained mutation: You are somewhat resistant to further mutation. [potion of mutation]
  8455 | D:9      | Reached skill level 5 in Short Blades
  8455 | D:9      | Reached skill level 5 in Long Blades
  8455 | D:9      | Reached skill level 5 in Axes
  8455 | D:9      | Reached skill level 5 in Maces & Flails
  8455 | D:9      | Reached skill level 5 in Polearms
  8455 | D:9      | Reached skill level 5 in Staves
  8455 | D:9      | Reached skill level 5 in Slings
  8455 | D:9      | Reached skill level 5 in Bows
  8455 | D:9      | Reached skill level 5 in Throwing
  8455 | D:9      | Reached skill level 5 in Armour
  8455 | D:9      | Reached skill level 5 in Shields
  8455 | D:9      | Reached skill level 5 in Unarmed Combat
  8455 | D:9      | Reached skill level 5 in Spellcasting
  8455 | D:9      | Reached skill level 5 in Evocations
  8580 | D:9      | Noticed Strat's ghost (novice VSAs)
  8618 | D:9      | Killed Strat's ghost
  8618 | D:9      | Reached skill level 10 in Crossbows
  8627 | D:9      | Noticed a brown ugly thing
  8663 | D:9      | Killed a brown ugly thing
  9236 | D:9      | Noticed a two-headed ogre
  9248 | D:9      | Slain by a two-headed ogre

Vault maps used:
D:1:      lemuel_arrival_tunnels, st_stairs_7
D:2:      kennysheep_the_goblin_king, chequers_ecumenical_altar_twisty,
          uniq_sigmund, uniq_natasha
D:3:      first_ration
D:4:      overflow_temple_1_default, nicolae_overflow_hidden_temple,
          grunt_dithmenos_shadows, overflow_temple_1_default,
          minmay_temple_entry_grid, serial_shops, kennysheep_little_box,
          uniq_menkaure, uniq_blork_the_orc
D:5:      nicolae_overflow_crystal_walls, uniq_grinder, uniq_edmund
D:6:      lightli_minifort
D:7:      basic_altar, nemelex_diamond_rough_becter
D:8:      marbit_many_paths, enter_ossuary_3, serial_shops, shop
D:9:      vehumet_crystals, grunt_ogre_cave
Temple:   regret_index_temple_waves
Ossuary:  ossuary_the_hunt_dpeg

Skill      XL: |  1  2  3  4  5  6  7  8  9 10 |
---------------+-------------------------------+-----
Invocations    | 1 2 3 4 5 6 |  6.0
Short Blades   | 1 2 3 4 5 |  5.5
Long Blades    | 1 2 3 4 5 |  5.5
Axes           | 1 2 3 4 5 |  5.5
Maces & Flails | 1 2 3 4 5 |  5.5
Polearms       | 1 2 3 4 5 |  5.5
Staves         | 1 2 3 4 5 |  5.5
Slings         | 1 2 3 4 5 |  5.5
Bows           | 1 2 3 4 5 |  5.5
Throwing       | 1 2 3 4 5 |  5.5
Armour         | 1 2 3 4 5 |  5.5
Shields        | 1 2 3 4 5 |  5.5
Unarmed Combat | 1 2 3 4 5 |  5.5
Spellcasting   | 1 2 3 4 5 |  5.5
Conjurations   | 1 2 3 4 |  4.5
Hexes          | 1 2 3 4 |  4.5
Charms         | 1 2 3 4 |  4.5
Summonings     | 1 2 3 4 |  4.5
Necromancy     | 1 2 3 4 |  4.5
Translocations | 1 2 3 4 |  4.5
Transmutations | 1 2 3 4 |  4.5
Fire Magic     | 1 2 3 4 |  4.5
Ice Magic      | 1 2 3 4 |  4.5
Air Magic      | 1 2 3 4 |  4.5
Earth Magic    | 1 2 3 4 |  4.5
Poison Magic   | 1 2 3 4 |  4.5
Evocations     | 1 2 3 4 5 |  5.5
Stealth        | 3 4 5 6 |  6.0
Fighting       | 5 6 7 |  7.2
Dodging        | 5 6 7 |  7.2
Crossbows      | 9 10 | 10.1

Action                   |  1- 3 |  4- 6 |  7- 9 | 10-12 || total
-------------------------+-------+-------+-------+-------++-------
Melee: Short sword       |       |   137 |    55 |       ||   192
       Unarmed           |       |    28 |       |       ||    28
       Bite              |       |    17 |    55 |    38 ||   110
       Rapier            |       |       |   361 |   234 ||   595
 Fire: Hand crossbow     |    68 |    48 |       |       ||   116
Invok: Potion Petition   |       |       |       |     1 ||     1
  Use: Scroll            |     4 |     1 |    16 |     3 ||    24
       Potion            |     2 |       |     2 |     4 ||     8
 Stab: Sleeping          |       |     9 |     8 |    11 ||    28
       Distracted        |       |       |     3 |     3 ||     6
       Invisible         |       |       |       |     2 ||     2
  Eat: Chunk             |       |     4 |       |       ||     4
       Ration            |       |     1 |     5 |     2 ||     8
Armor: Leather armour    |     7 |    30 |    33 |       ||    70
       Ring mail         |       |       |    22 |    66 ||    88
Dodge: Dodged            |    18 |    84 |   140 |    68 ||   310
Block: Shield            |     5 |    65 |   205 |   158 ||   433

Table legend:
 A = Spawn XP
 B = Non-spawn XP
 C = Spawn XP percentage of total XP
 D = Spawn monster count
 E = Non-spawn monster count
 F = Spawn count percentage of total count
 G = Total turns spent on level
                    A         B        C        D         E        F      G
               +---------+---------+-------+---------+---------+-------+---------
         Total |       0 |    8207 |   0.0 |       0 |     208 |   0.0 |  9248
               +---------+---------+-------+---------+---------+-------+---------
           D:1 |       0 |      51 |   0.0 |       0 |      24 |   0.0 |   734
           D:2 |       0 |     455 |   0.0 |       0 |      43 |   0.0 |  1162
           D:3 |       0 |     117 |   0.0 |       0 |      21 |   0.0 |   844
           D:4 |       0 |     991 |   0.0 |       0 |      21 |   0.0 |  1476
           D:5 |       0 |    1134 |   0.0 |       0 |      21 |   0.0 |  1129
           D:6 |       0 |     438 |   0.0 |       0 |       6 |   0.0 |   832
           D:7 |       0 |    1417 |   0.0 |       0 |      26 |   0.0 |  1075
           D:8 |       0 |     678 |   0.0 |       0 |      17 |   0.0 |   884
           D:9 |       0 |    2710 |   0.0 |       0 |      16 |   0.0 |   808
       Ossuary |       0 |     216 |   0.0 |       0 |      13 |   0.0 |   286
               +---------+---------+-------+---------+---------+-------+---------
